 Dungeon Crawl Stone Soup version 0.13.0-59-g13bd910 (webtiles) character file.

294 M4edhros the Ducker (level 6, 0/39 HPs)
             Began as an Octopode Artificer on Nov 18, 2013.
             Killed by divine providence
             ... invoked by an orc priest
              (12 damage)
             ... on Level 4 of the Dungeon.
             The game lasted 00:01:52 (1434 turns).

M4edhros the Ducker (Octopode Artificer)            Turns: 1434, Time: 00:01:52

HP   0/39        AC  1     Str 10      XL: 6   Next: 11%
MP   9/9         EV 15     Int 16      God:
Gold 47          SH  0     Dex 13      Spells:  0 memorised,  5 levels left

Res.Fire  : . . .   See Invis. : .   s - +0 great mace
Res.Cold  : . . .   Warding    : .   (no shield)
Life Prot.: . . .   Conserve   : .   (helmet restricted)
Res.Poison: .       Res.Corr.  : .   (no amulet)
Res.Elec. : .       Clarity    : .   (no ring)
Sust.Abil.: . .     Spirit.Shd : .   (no ring)
Res.Mut.  : .       Stasis     : .   (no ring)
Res.Rott. : .       Flight     : .   (no ring)
Saprovore : . . .                    (no ring)
                                     (no ring)
                                     (no ring)
                                     (no ring)

@: slightly resistant to hostile enchantments, stealthy
A: almost no armour, amphibious, 8 rings, constrict 8, camouflage 1, AC +1
a: no special abilities


You were on level 4 of the Dungeon.
You were not hungry.

You visited 1 branch of the dungeon, and saw 4 of its levels.

You collected 27 gold pieces.

Inventory:

Hand weapons
 a - a +0,+0 short sword
 s - a +0,+0 great mace (weapon)
Missiles
 m - 2 javelins (quivered)
Armour
 k - a +0 cap
Magical devices
 b - a wand of flame (5)
 c - a wand of enslavement (12)
 d - a wand of random effects (14)
Comestibles
 f - a bread ration
 l - a choko
 n - a banana
 t - 2 chunks of worker ant flesh
Scrolls
 e - a scroll of curse armour {unknown}
 h - a scroll of blinking {unknown}
 j - a scroll of noise {unknown}
 o - 2 scrolls of curse weapon {unknown}
 r - a scroll of remove curse {unknown}
Potions
 g - a potion of porridge {unknown}
 i - a potion of curing {unknown}
 p - a potion of heal wounds {unknown}
 q - 2 potions of invisibility {unknown}
 u - a potion of decay {unknown}


   Skills:
 - Level 1.0 Fighting
 - Level 1.0 Short Blades
 + Level 1.7 Maces & Flails
 + Level 5.9 Dodging
 - Level 1.3 Stealth
 - Level 3.2 Evocations


You had 5 spell levels left.
You didn't know any spells.

Dungeon Overview and Level Annotations

Branches:
Dungeon (4/27)
 Temple: D:4-7

Altars:


Innate Abilities, Weirdness & Mutations

You cannot wear most types of armour.
You are amphibious.
You can wear up to eight rings at the same time.
You can use your tentacles to constrict many enemies at once.
Your skin changes colour to match your surroundings (Stlth).
Your rubbery body absorbs attacks (AC +1).


Message History

Press: ? - help, Dir - move target cursor, f - orc priest
Aim: an orc priest, wielding an orcish dagger and wearing an orcish leather armour (lightly wounded) Attack!
Your orc wizard hits the orc priest but does no damage.
The orc priest hits your orc wizard with an orcish dagger.
Your orc wizard hits the orc priest but does no damage.
Your orc wizard hits the orc priest with an orcish dagger.
The orc priest hits your orc wizard with an orcish dagger.
You start resting.
The orc priest mumbles some strange prayers to Beogh against you.
Pain shoots through your body!
The orc priest hits you with an orcish short sword.
* * * LOW HITPOINT WARNING * * *
You are too injured to fight recklessly!
You hit the orc priest. You grab the orc priest.
The orc priest is severely wounded.
You constrict the orc priest.
The orc priest mumbles some strange prayers to Beogh against you.
Something smites you!
You die...

#.......##...# #.##
#.......##.#.###.#
#..........#.....#
#..........#..##+##
#..........#.......
#
#..........####.>..
#.. #.......####
#....
......##.......#
#....
...?..')@......#
#....
......##o......#
#.... ....
###......# #....
... #......# ##'##
. #......# ###....
#...... #.'....
#..... #.#....
#.... #.#.... #.#+#
. #....


You could see an orc priest.

Vanquished Creatures
  A phantom (D:4)
  2 ogres (D:4)
  A centaur skeleton (D:4)
  An orc wizard (D:4)
  3 worker ants (D:4)
  A worm (D:4)
  A giant gecko (D:4)
  3 orcs
  5 hobgoblins
  A jackal (D:4)
  2 bats (D:1)
  2 giant cockroaches (D:4)
  A goblin (D:4)
  A kobold (D:1)
25 creatures vanquished.

Vanquished Creatures (collateral kills)
  An orc (D:4)
1 creature vanquished.

Grand Total: 26 creatures vanquished

Notes
Turn   | Place    | Note
--------------------------------------------------------------
     0 | D:1      | M4edhros, the Octopode Artificer, began the quest for the Orb.
     0 | D:1      | Reached XP level 1. HP: 14/14 MP: 1/1
   664 | D:4      | Noticed an ogre
   670 | D:4      | Killed an ogre
   670 | D:4      | Reached skill level 4 in Dodging
   670 | D:4      | Reached XP level 2. HP: 19/19 MP: 3/3
   670 | D:4      | Reached XP level 3. HP: 24/24 MP: 4/4
   670 | D:4      | Reached XP level 4. HP: 29/29 MP: 6/6
   913 | D:4      | Noticed an ogre
   930 | D:4      | Noticed a phantom
   940 | D:4      | an ogre (ally) was killed
   944 | D:4      | Killed a phantom
   944 | D:4      | Reached skill level 5 in Dodging
   944 | D:4      | Reached XP level 5. HP: 9/34 MP: 7/7
  1289 | D:4      | Noticed a worker ant
  1297 | D:4      | Killed a worker ant
  1297 | D:4      | Reached skill level 1 in Maces & Flails
  1404 | D:4      | Reached XP level 6. HP: 34/39 MP: 9/9
  1434 | D:4      | Killed from afar by an orc priest

Action                   |  1- 3 |  4- 6 || total
-------------------------+-------+-------++-------
Melee: Short sword       |    16 |    17 ||    33
       Great mace        |       |    20 ||    20
Evoke: Wand              |     5 |     9 ||    14
 Stab: Sleeping          |       |     3 ||     3
       Distracted        |       |     1 ||     1
